AoeStats
← Cortez

Arabia

506515279Analyzed
1v1 RM · 17d ago on Sep 13, 2026· 34m 52s· 2 players
Game mode
Random Map
Map size
Tiny (2 player)
Population
200
Speed
Normal
Resources
Standard
Victory
Conquest
Starting age
Dark Age
Ending age
Imperial Age
RankedLock teamsTeams togetherTeam positionsShared explorationLock speedFull tech treeHidden civsTurbo modeCheats
Victory
Defeat
🇧🇷 Lithuanians · Brazil
1551
+15
🇦🇷 Saracens · Argentina
1530
-15
Craftmk
6:11 Loom
8:24 Feudal Age
10:09 Double-Bit Axe
20:06 Forging
22:54 Castle Age
21:00 Gold Mining
20:51 Horse Collar
21:42 Fletching
21:52 Padded Archer Armor
24:10 Bow Saw
24:00 Bodkin Arrow
23:52 Crossbowman
26:20 Ballistics
28:40 Thumb Ring
Cortez
6:57 Loom
9:14 Feudal Age
13:38 Double-Bit Axe
15:13 Town Watch
15:59 Horse Collar
24:06 Castle Age
23:20 Forging
24:19 Scale Barding Armor
24:42 Bloodlines
27:31 Husbandry
30:13 Bow Saw
32:29 Chain Barding Armor
35:17 Wheelbarrow
Connection lost

Rejoining the realm…

Still unreachable

The connection could not be restored.

Session expired

The server has moved on; the page needs a fresh start.